 Dungeon Crawl Stone Soup version 0.31-a0-614-gc85dc1c48c (webtiles) character file.

Game seed: 18064115879415877091

737 AdnanSaban the Cudgeller (level 7, -1/44 HPs)
             Began as a Gargoyle Fighter on Aug 22, 2023.
             Slain by an orc
             ... wielding a +0 war axe
              (6 damage)
             ... on level 5 of the Dungeon.
             The game lasted 00:04:28 (3259 turns).

AdnanSaban the Cudgeller (Gargoyle Fighter)         Turns: 3259, Time: 00:04:29

Health: -1/44      AC: 13    Str: 21    XL:     7   Next: 75%
Magic:  7/7        EV: 10    Int:  9    God:
Gold:   166        SH:  4    Dex:  9    Spells: 6/6 levels left

rFire   . . .        a - +0 flail
rCold   . . .        c - +0 buckler
rNeg    + . .        b - +0 scale mail
rPois   ∞            (no helmet)
rElec   +            (no cloak)
rCorr   .            v - +0 pair of gloves
SInv    .            (no boots)
Will    .....        (no amulet) Stlth
                     (no ring)
HPRegen 0.27/turn    (no ring)
MPRegen 0.10/turn

%: no passive effects
@: no status effects
A: sickness immunity, AC +4, negative energy resistance 1, electricity
resistance, torment resistance 1, petrification resistance
a: no special abilities


You were on level 5 of the Dungeon.
You visited 1 branch of the dungeon, and saw 5 of its levels.

You collected 166 gold pieces.

Inventory:

Hand Weapons
 a - a +0 flail (weapon)
Missiles
 h - 7 poisoned darts (quivered)
 q - 4 silver javelins
Armour
 b - a +0 scale mail (worn)
 c - a +0 buckler (worn)
 j - a +0 tower shield
 v - a +0 pair of gloves (worn)
Scrolls
 e - 3 scrolls of amnesia {unknown}
 i - 8 scrolls of identify {unknown}
 k - a scroll of immolation {unknown}
 l - a scroll of poison {unknown}
 m - 3 scrolls of teleportation {unknown}
 n - 2 scrolls of blinking {unknown}
 o - 2 scrolls of noise {unknown}
 s - a scroll of fear {unknown}
 w - a scroll of vulnerability {unknown}
Potions
 d - 2 potions of might
 f - a potion of ambrosia {unknown}
 g - 2 potions of lignification {unknown}
 p - a potion of cancellation {unknown}
 r - a potion of attraction {unknown}
 t - a potion of haste {unknown}
 u - a potion of heal wounds {unknown}
 x - a potion of curing {unknown}
 z - a potion of enlightenment {unknown}


   Skills:
 + Level 5.0 Fighting
 + Level 5.3 Maces & Flails
 + Level 0.5 Throwing
 + Level 5.2 Armour
 + Level 1.7 Dodging
 + Level 0.5 Stealth
 + Level 4.6 Shields


You had 6 spell levels left.
You didn't know any spells.
Your spell library contained the following spells:

 Spells                   Type           Power      Damage    Failure   Level
 Ensorcelled Hibernation  Hex/Ice        0%         N/A       88%         2
 Lesser Beckoning         Tloc           0%         N/A       88%         2
 Dazzling Flash           Conj/Hex       0%         N/A       98%         3
 Volatile Blastmotes      Fire/Tloc      0%         2d10      98%         3
 Freezing Cloud           Conj/Ice/Air   0%         6-21      100%        5
 Starburst                Conj/Fire      0%         6d3       100%        6
 Disjunction              Tloc           0%         N/A       100%        8
 Maxwell's Capacitive Co  Air            0%         ∞         100%        8


Dungeon Overview and Level Annotations

Branches:
Dungeon (5/15)
 Temple: D:4-7

Altars:
Kikubaaqudgha
Yredelemnul

Shops:
D:3 *

Annotations:
D:5 Edmund


Innate Abilities, Weirdness & Mutations

You are immune to sickness and miasma.
Your stone body is resilient. (AC +4)
You are immune to poison.
You resist negative energy. (rN+)
You are resistant to electric shocks. (rElec)
You are resistant to unholy torment.
You are immune to petrification.


Message History

You closely miss Sigmund.
Sigmund is severely wounded.
You block the orc's attack.
Sigmund points at you and mumbles some strange words.
The puff of flame misses you.
You closely miss Sigmund.
Sigmund is severely wounded.
The orc hits you with a +0 war axe.
Sigmund smiles chillingly.
Sigmund hits you but does no damage.
You closely miss Sigmund.
Sigmund is severely wounded.
The orc hits you with a +0 war axe!
* * * LOW HITPOINT WARNING * * *
The orc hits you with a +0 short sword.
* * * LOW HITPOINT WARNING * * *
Sigmund hits you but does no damage.
You barely miss Sigmund.
Sigmund is severely wounded.
You block the orc's attack. The orc hits you but does no damage.
You barely miss Sigmund.
Sigmund is severely wounded.
Sigmund says, "Your kind have come here before.
I understand now why.
You desire death..."
Sigmund closely misses you. You block the orc's attack. x2
The orc barely misses you. The orc hits you but does no damage.
You sock Sigmund!
You kill Sigmund!
The orc hits you but does no damage. x2
Your Fighting skill increases to level 5!
Your Armour skill increases to level 5!
Items here: ( ) [ †.
Unknown command.
The orc attacks as it pursues you! The orc hits you with a +0 war axe!
* * * LOW HITPOINT WARNING * * *
The orc attacks as it pursues you! The orc hits you but does no damage.
The orc attacks as it pursues you! The orc closely misses you.
You hit the orc.
The orc is heavily wounded.
The orc closely misses you. The orc hits you with a +0 war axe.
You die...

......## #######
###...## ##.....#####
#....####....)..)<.#
#.....##.>.........#
##................##
####.......###.....##
#.......#### ##....#
.....#### #...##
###...# ##@.# #...#
#oo# ##..## #).#
##..# #..# #..# #..#
#..# #..# #..## ...#
#...# #.(.. ##...#
.....


You could see 2 orcs.

Vanquished Creatures
  Sigmund (D:5)
  Eustachio (D:5)
  An ogre (D:4)
  A phantom (D:4)
  An orc priest (D:3)
  A hound (D:4)
  An orc wizard (D:4)
  6 adders
  A gnoll (D:4)
  A worm (D:3)
  5 dart slugs
  7 orcs
  16 ball pythons
  5 bats
  10 endoplasms
  3 giant cockroaches
  8 goblins
  9 hobgoblins
  13 jackals
  12 kobolds
  7 quokkas
  5 frilled lizards
  7 rats
122 creatures vanquished.

Notes
Turn   | Place    | Note
-------+----------+-------------------------------------------
     0 | D:1      | AdnanSaban the Gargoyle Fighter began the quest for the
                  | Orb.
     0 | D:1      | Reached XP level 1. HP: 14/14 MP: 1/1
    13 | D:1      | Reached XP level 2. HP: 18/19 MP: 2/2
   184 | D:1      | Reached XP level 3. HP: 21/23 MP: 3/3
   605 | D:1      | Reached XP level 4. HP: 17/29 MP: 4/4
   939 | D:2      | Found an ancient bone altar of Kikubaaqudgha.
  1305 | D:3      | Reached XP level 5. HP: 29/33 MP: 5/5
  1812 | D:3      | Got the Tome of the Frozen Jaunt
  1824 | D:3      | Found Vellonky's General Store.
  2312 | D:4      | Reached XP level 6. HP: 39/39 MP: 6/6
  2629 | D:4      | Reached skill level 1 in Dodging
  2632 | D:4      | Found a basalt altar of Yredelemnul.
  2803 | D:5      | Entered Level 5 of the Dungeon
  2870 | D:5      | Reached XP level 7. HP: 40/44 MP: 7/7
  2950 | D:5      | Noticed Edmund
  3009 | D:5      | Noticed Eustachio
  3033 | D:5      | Killed Eustachio
  3034 | D:5      | Reached skill level 5 in Maces & Flails
  3227 | D:5      | Noticed Sigmund
  3255 | D:5      | Killed Sigmund
  3256 | D:5      | Reached skill level 5 in Fighting
  3256 | D:5      | Reached skill level 5 in Armour
  3259 | D:5      | Slain by an orc

Illustrated notes

Levels and vault maps discovered:
D:1:      lightli_arrival_maybe_door_vault, layout_rooms, columned_hall_lemuel,
          minmay_hexomino_u4
D:2:      minmay_diamond_boxcup, layout_rooms, basic_altar,
          kennysheep_generic_room_3
D:3:      wander_river, layout_loops_cross, serial_shops, shop
D:4:      kb_forest_paths, layout_gridville, mainiacjoe_overflow_surrounded_room
D:5:      kennysheep_spiral_hall, layout_layer_cave,
          nicolae_hepliaklqana_monster_ancestors, kennysheep_cross_room,
          uniq_edmund, uniq_sigmund, uniq_eustachio

Skill      XL: |  1  2  3  4  5  6  7 |
---------------+----------------------+-----
Maces & Flails | 3 4 5 |  5.3
Armour         | 4 5 |  5.2
Fighting       | 4 5 |  5.0
Shields        | 4 |  4.6
Dodging        | 1 |  1.7
Throwing       | |  0.5
Stealth        | |  0.5

Action                     |  1- 3 |  4- 6 |  7- 9 || total
---------------------------+-------+-------+-------++-------
  Melee: Flail             |   114 |   296 |    44 ||   454
  Throw: Dart              |       |       |     9 ||     9
 Armour: Scale mail        |   123 |   191 |    61 ||   375
  Dodge: Dodged            |    86 |   191 |    51 ||   328
  Block: Buckler           |    44 |    83 |    21 ||   148

Table legend: (Time is in decaauts)
 A = Elapsed time spent in this place.
 B = Non-inter-level travel time spent in this place.
 C = Inter-level travel time spent in this place.
 D = Time resting spent in this place.
 E = Time spent auto-exploring this place.
 F = Levels seen in this place.
 G = Mean time per level.
                   A        B        C        D        E       F      G
               +--------+--------+--------+--------+--------+-----+--------+
         Total |   3404 |   3141 |    263 |      2 |   2171 |   5 |  680.8 |
       Dungeon |   3404 |   3141 |    263 |      2 |   2171 |   5 |  680.8 |
               +--------+--------+--------+--------+--------+-----+--------+

Top non-repeatable levels by time:
     D:3: 900 daAuts
     D:4: 835 daAuts
     D:1: 734 daAuts
     D:2: 544 daAuts
     D:5: 389 daAuts
